 Dungeon Crawl Stone Soup version 0.19-a0-981-gaae9137 (webtiles) character file.

84 mistymad the Ducker (level 4, 0/34 HPs)
             Began as a Merfolk Gladiator on July 15, 2016.
             Was an Initiate of Fedhas.
             Slain by an orc wizard
             ... wielding a +1 dagger of electrocution
              (2 damage)
             ... on level 3 of the Dungeon.
             The game lasted 00:03:18 (1905 turns).

mistymad the Ducker (Merfolk Gladiator)             Turns: 1905, Time: 00:03:19

Health: 0/34       AC:  4    Str: 15    XL:     4   Next: 45%
Magic:  4/4        EV: 15    Int:  7    God:    Fedhas [......]
Gold:   64         SH:  0    Dex: 15    Spells: 0 memorised, 3 levels left

rFire  . . .     SeeInvis .     o - +0 spear (curse)
rCold  . . .     Gourm    .     b - +0 leather armour
rNeg   . . .     Faith    .     (no shield)
rPois  .         Spirit   .     c - +0 helmet
rElec  .         Dismiss  .     (no cloak)
rCorr  .         Reflect  .     (no gloves)
SustAt .         Harm     .     (no boots)
MR     .....                    m - amulet of rage
Stlth  +.........               (no ring)
                                (no ring)

@: not resistant to hostile enchantments, very unstealthy
A: change form in water, swift swim
a: Renounce Religion, Evoke Berserk Rage


You were on level 3 of the Dungeon.
You worshipped Fedhas.
Fedhas was noncommittal.
You were not hungry.

You visited 1 branch of the dungeon, and saw 3 of its levels.

You collected 64 gold pieces.

Inventory:

Hand Weapons
 a - a +0 trident
 o - a cursed +0 spear (weapon)
Missiles
 d - 3 throwing nets (quivered)
Armour
 b - a +0 leather armour (worn)
 c - a +0 helmet (worn)
Jewellery
 m - an amulet of rage (around neck)
Wands
 i - a wand of lightning (10/15)
Scrolls
 e - a scroll of teleportation {unknown}
 g - a scroll of blinking {unknown}
 h - 2 scrolls of identify {unknown}
 j - 2 scrolls of random uselessness {unknown}
 l - a scroll of noise {unknown}
 p - a scroll of remove curse {unknown}
 t - a scroll of immolation {unknown}
 u - a scroll of enchant weapon {unknown}
Potions
 k - a potion of curing
 n - a potion of degeneration {unknown}
 q - a potion of brilliance {unknown}
 r - a potion of might {unknown}
Comestibles
 f - 2 bread rations
 s - 4 chunks of flesh


   Skills:
 + Level 2.9 Fighting
 + Level 5.1 Polearms
 - Level 2.1 Throwing
 + Level 1.1 Armour
 + Level 5.2 Dodging


You had 3 spell levels left.
You didn't know any spells.

Dungeon Overview and Level Annotations

Branches:
Dungeon (3/15)

Altars:
Fedhas
Nemelex Xobeh
Sif Muna


Message History

Press: ? - help, Dir - move target cursor, f/p - orc
Aim: an orc, wielding a hand axe (severely wounded)
Something you can't see is in the way.
You hit something.
You hear some strange, mumbled words.
A magic dart appears from out of thin air!
The magic dart hits you!
You take 4 damage, and have 11/34 hp.
You hit the orc.
You kill the orc!
The orc hits you from afar with a trident!
* * * LOW HITPOINT WARNING * * *
You take 7 damage, and have 4/34 hp.
MASSIVE DAMAGE!!
You are too injured to fight recklessly!
You are too injured to fight recklessly!
You are too injured to fight recklessly!
Something hits you.
* * * LOW HITPOINT WARNING * * *
Something hits you.
You die...
Fedhas appreciates your contribution to the ecosystem.

#................. ...
#...........# ... oo##
##...........##.. ...#
.#...........#.. ...#
.............#.# ##...#
....<........#.# ###..>.#
...............####o.....#
...##..#.##.#.###lo.##...#
..###...........@.### ...#
.#..............### ...#
................# ####
................#
...#.##.........#
.....##..........
...#.##.........##
................#
#...##...


You could see 2 orcs and a giant gecko.

Vanquished Creatures
  3 adders (D:2)
  An ooze (D:1)
  A worm (D:2)
  2 dart slugs (D:1)
  A giant gecko (D:2)
  5 orcs (D:3)
  A ball python (D:2)
  2 giant cockroaches
  4 goblins
  3 hobgoblins (D:1)
  2 quokkas (D:2)
  6 bats
  2 giant newts
  2 kobolds (D:1)
  6 rats
41 creatures vanquished.

Notes
Turn   | Place    | Note
-------+----------+-------------------------------------------
     0 | D:1      | mistymad the Merfolk Gladiator began the quest for the Orb.
     0 | D:1      | Reached XP level 1. HP: 16/16 MP: 1/1
    74 | D:1      | Reached XP level 2. HP: 22/23 MP: 2/2
   353 | D:1      | Reached XP level 3. HP: 28/28 MP: 3/3
   669 | D:2      | Reached skill level 5 in Polearms
   669 | D:2      | Reached XP level 4. HP: 14/34 MP: 4/4
  1026 | D:2      | Reached skill level 1 in Armour
  1540 | D:2      | Reached skill level 5 in Dodging
  1731 | D:3      | Found a sparkling altar of Nemelex Xobeh.
  1822 | D:2      | Found a deep blue altar of Sif Muna.
  1822 | D:2      | Found a blossoming altar of Fedhas.
  1833 | D:2      | Became a worshipper of Fedhas Madash
  1905 | D:3      | Slain by an orc wizard

Vault maps used:
D:1:      minmay_arrival_stone_box
D:2:      nicolae_overflow_hidden_temple
D:3:      kennysheep_small_spiral, nemelex_xobeh_ov_fountains_minmay

Skill      XL: |  1  2  3  4 |
---------------+-------------+-----
Polearms       | 5 |  5.1
Armour         | 1 |  1.1
Dodging        | 5 |  5.2
Fighting       | |  2.9
Throwing       | |  2.1

Action                   |  1- 3 |  4- 6 || total
-------------------------+-------+-------++-------
Melee: Trident           |    91 |     8 ||    99
       Spear             |       |    58 ||    58
  Use: Potion            |     1 |       ||     1
  Eat: Chunk             |       |     3 ||     3
Armor: Leather armour    |    16 |    24 ||    40
Dodge: Dodged            |    55 |    48 ||   103
